AoeStats
← zephyrutia

Arabian Desert

509796264Analyzed
1v1 RM · 5d ago on Sep 28, 2026· 45m 6s· 2 players
Game mode
Random Map
Map size
Tiny (2 player)
Population
200
Speed
Normal
Resources
Standard
Victory
Conquest
Starting age
Dark Age
Ending age
Imperial Age
RankedLock teamsTeams togetherTeam positionsShared explorationLock speedFull tech treeHidden civsTurbo modeCheats
Victory
Defeat
🇺🇸 Bulgarians · United States
998
+15
🇺🇸 Burmese · United States
975
-15
zephyrutia
6:50 Loom
9:37 Feudal Age
21:42 Castle Age
39:06 Scale Barding Armor
MZTK | PinPon
6:45 Loom
10:04 Feudal Age
14:53 Wheelbarrow
14:22 Fletching
14:33 Padded Archer Armor
24:44 Castle Age
25:34 Thumb Ring
25:13 Horse Collar
26:09 Bodkin Arrow
26:30 Leather Archer Armor
33:52 Double-Bit Axe
34:10 Heavy Plow
40:47 Scale Barding Armor
40:53 Forging
43:36 Stone Mining
43:36 Gold Mining
45:21 Chain Barding Armor
Connection lost

Rejoining the realm…

Still unreachable

The connection could not be restored.

Session expired

The server has moved on; the page needs a fresh start.